Workbook

Sheet ЛСР
B2: Локальный сметный расчет (ЛСР) №6
B3: Объект: «Комплексная застройка территории, расположенной в границах улиц: Тобольский тракт - Обход города Тюмени (мкр. Губернаторский). Многоэтажный жилой дом с подземным паркингом ГП-72.106» Секция 0, 1, 2, 3, 4
B4: Ведомость объемов работ и расхода материалов по работе: Устройство системы отопления и сопутствующим работам (согласно проекту шифр ОВ, стадия Р)
A6: № | B6: Наименование | C6: Артикул, марка, производитель | D6: Характеристика | E6: Ед. изм. | F6: Норма расхода | G6: Секция 0 | H6: Секция 1 | I6: Секция 2 | J6: Секция 3 | K6: Секция 4 | L6: Количество | M6: Цена за ед., руб | N6: Сумма, руб | O6: Примечание | P6: Форма закупа материала
A8: 11 | B8: Внутренние инженерные сети
A9: 11.04 | B9: Устройство системы отопления | N9: =SUM($N$343,$N$353,$N$94,$N$10) -> 0
A10: 11.04.02 | B10: Устройство стояка для горизонтальной системы отопления | N10: =SUM($N$11) -> 0
A11: 11.04.02.00 | B11: Устройство стояка для горизонтальной системы отопления | N11: =SUM($N$90,$N$88,$N$82,$N$80,$N$78,$N$75,$N$73,$N$64,$N$62,$N$58,$N$56,$N$48,$N$46,$N$41,$N$39,$N$32,$N$30,$N$28,$N$26,$N$24,$N$22,$N$20,$N$18,$N$16,$N$14,$N$12) -> 0
B12: Работы: | N12: =SUM($N$13) -> 0
B13: Бурение отверстий Ø60 | E13: шт | H13: 4 | I13: 4 | J13: 4 | K13: 4 | L13: =SUM($G$13:$K$13) -> 16 | M13: {=INDEX(Р[Цена за ед., руб],MATCH(1,IF(($B13=Р[Наименование])*($O13=Р[Примечание]),{1},($B13=Р[Наименование])*($O13=Р[Примечание])),0))} -> 0 | N13: =ROUND($L$13*$M$13,2) -> 0
B14: Работы: | N14: =SUM($N$15) -> 0
B15: Бурение отверстий до 120мм | E15: шт | H15: 20 | I15: 19 | J15: 19 | K15: 17 | L15: =SUM($G$15:$K$15) -> 75 | M15: {=INDEX(Р[Цена за ед., руб],MATCH(1,IF(($B15=Р[Наименование])*($O15=Р[Примечание]),{1},($B15=Р[Наименование])*($O15=Р[Примечание])),0))} -> 0 | N15: =ROUND($L$15*$M$15,2) -> 0
B16: Работы: | N16: =SUM($N$17) -> 0
B17: Бурение отверстий до 80мм | E17: шт | H17: 64 | I17: 83 | J17: 67 | K17: 95 | L17: =SUM($G$17:$K$17) -> 309 | M17: {=INDEX(Р[Цена за ед., руб],MATCH(1,IF(($B17=Р[Наименование])*($O17=Р[Примечание]),{1},($B17=Р[Наименование])*($O17=Р[Примечание])),0))} -> 0 | N17: =ROUND($L$17*$M$17,2) -> 0
B18: Работы: | N18: =SUM($N$19) -> 0
B19: Монтаж автоматического воздухоотводчика | E19: шт | H19: 10 | I19: 10 | J19: 12 | K19: 12 | L19: =SUM($G$19:$K$19) -> 44 | M19: {=INDEX(Р[Цена за ед., руб],MATCH(1,IF(($B19=Р[Наименование])*($O19=Р[Примечание]),{1},($B19=Р[Наименование])*($O19=Р[Примечание])),0))} -> 0 | N19: =ROUND($L$19*$M$19,2) -> 0
B20: Материалы: | N20: =SUM($N$21) -> 0
A21: 1 | B21: Воздухоотводчик | C21: Valtec | D21: автоматический Ду-15 10bar | E21: шт | H21: 10 | I21: 10 | J21: 12 | K21: 12 | L21: =SUM($G$21:$K$21) -> 44 | M21: {=INDEX(М[Цена за ед., руб],MATCH(1,IF(($B21=М[Наим.])*($C21=М[Артикул, марка, произв.])*($D21=М[Хар-ка])*($O21=М[Прим.]),{1},($B21=М[Наим.])*($C21=М[Артикул, марка, произв.])*($D21=М[Хар-ка])*($O21=М[Прим.])),0))} -> 0 | N21: =ROUND($L$21*$M$21,2) -> 0 | P21: {=INDEX(М[Форма закупа],MATCH(1,IF(($B21=М[Наим.])*($C21=М[Артикул, марка, произв.])*($D21=М[Хар-ка])*($O21=М[Прим.]),{1},($B21=М[Наим.])*($C21=М[Артикул, марка, произв.])*($D21=М[Хар-ка])*($O21=М[Прим.])),0))} -> 0
B22: Работы: | N22: =SUM($N$23) -> 0
B23: Монтаж воздушно-отопительного агрегата | E23: шт | H23: 2 | I23: 2 | J23: 4 | K23: 4 | L23: =SUM($G$23:$K$23) -> 12 | M23: {=INDEX(Р[Цена за ед., руб],MATCH(1,IF(($B23=Р[Наименование])*($O23=Р[Примечание]),{1},($B23=Р[Наименование])*($O23=Р[Примечание])),0))} -> 0 | N23: =ROUND($L$23*$M$23,2) -> 0
B24: Материалы: | N24: =SUM($N$25) -> 0
A25: 1 | B25: Агрегат воздушно-отопительный | D25: Электрическая тепловая завеса | E25: шт | H25: 2 | I25: 2 | J25: 4 | K25: 4 | L25: =SUM($G$25:$K$25) -> 12 | M25: {=INDEX(М[Цена за ед., руб],MATCH(1,IF(($B25=М[Наим.])*($C25=М[Артикул, марка, произв.])*($D25=М[Хар-ка])*($O25=М[Прим.]),{1},($B25=М[Наим.])*($C25=М[Артикул, марка, произв.])*($D25=М[Хар-ка])*($O25=М[Прим.])),0))} -> 0 | N25: =ROUND($L$25*$M$25,2) -> 0 | P25: {=INDEX(М[Форма закупа],MATCH(1,IF(($B25=М[Наим.])*($C25=М[Артикул, марка, произв.])*($D25=М[Хар-ка])*($O25=М[Прим.]),{1},($B25=М[Наим.])*($C25=М[Артикул, марка, произв.])*($D25=М[Хар-ка])*($O25=М[Прим.])),0))} -> 0
B26: Работы: | N26: =SUM($N$27) -> 0
B27: Монтаж клапана (фланцевые, резьбовые) от 40 мм | E27: шт | H27: 24 | I27: 33 | J27: 31 | K27: 40 | L27: =SUM($G$27:$K$27) -> 128 | M27: {=INDEX(Р[Цена за ед., руб],MATCH(1,IF(($B27=Р[Наименование])*($O27=Р[Примечание]),{1},($B27=Р[Наименование])*($O27=Р[Примечание])),0))} -> 0 | N27: =ROUND($L$27*$M$27,2) -> 0
B28: Материалы: | N28: =SUM($N$29) -> 0
A29: 1 | B29: Клапан запорный | C29: WESER | D29: D-15 RLV прямой | E29: шт | H29: 24 | I29: 33 | J29: 31 | K29: 40 | L29: =SUM($G$29:$K$29) -> 128 | M29: {=INDEX(М[Цена за ед., руб],MATCH(1,IF(($B29=М[Наим.])*($C29=М[Артикул, марка, произв.])*($D29=М[Хар-ка])*($O29=М[Прим.]),{1},($B29=М[Наим.])*($C29=М[Артикул, марка, произв.])*($D29=М[Хар-ка])*($O29=М[Прим.])),0))} -> 0 | N29: =ROUND($L$29*$M$29,2) -> 0 | P29: {=INDEX(М[Форма закупа],MATCH(1,IF(($B29=М[Наим.])*($C29=М[Артикул, марка, произв.])*($D29=М[Хар-ка])*($O29=М[Прим.]),{1},($B29=М[Наим.])*($C29=М[Артикул, марка, произв.])*($D29=М[Хар-ка])*($O29=М[Прим.])),0))} -> 0
B30: Работы: | N30: =SUM($N$31) -> 0
B31: Монтаж компенсатора сильфонного | E31: шт | H31: 6 | I31: 12 | J31: 6 | K31: 14 | L31: =SUM($G$31:$K$31) -> 38 | M31: {=INDEX(Р[Цена за ед., руб],MATCH(1,IF(($B31=Р[Наименование])*($O31=Р[Примечание]),{1},($B31=Р[Наименование])*($O31=Р[Примечание])),0))} -> 0 | N31: =ROUND($L$31*$M$31,2) -> 0
B32: Материалы: | N32: =SUM($N$33:$N$38) -> 0
A33: 1 | B33: Компенсатор сильфонный | C33: Ayvaz | D33: с защитной гильзой под приварку с внутренней направляющей Ду-40 | E33: шт | I33: 2 | K33: 2 | L33: =SUM($G$33:$K$33) -> 4 | M33: {=INDEX(М[Цена за ед., руб],MATCH(1,IF(($B33=М[Наим.])*($C33=М[Артикул, марка, произв.])*($D33=М[Хар-ка])*($O33=М[Прим.]),{1},($B33=М[Наим.])*($C33=М[Артикул, марка, произв.])*($D33=М[Хар-ка])*($O33=М[Прим.])),0))} -> 0 | N33: =ROUND($L$33*$M$33,2) -> 0 | P33: {=INDEX(М[Форма закупа],MATCH(1,IF(($B33=М[Наим.])*($C33=М[Артикул, марка, произв.])*($D33=М[Хар-ка])*($O33=М[Прим.]),{1},($B33=М[Наим.])*($C33=М[Артикул, марка, произв.])*($D33=М[Хар-ка])*($O33=М[Прим.])),0))} -> 0
A34: 2 | B34: Компенсатор сильфонный | C34: Ayvaz | D34: с защитной гильзой под приварку с внутренней направляющей Ду-50 | E34: шт | H34: 2 | J34: 2 | L34: =SUM($G$34:$K$34) -> 4 | M34: {=INDEX(М[Цена за ед., руб],MATCH(1,IF(($B34=М[Наим.])*($C34=М[Артикул, марка, произв.])*($D34=М[Хар-ка])*($O34=М[Прим.]),{1},($B34=М[Наим.])*($C34=М[Артикул, марка, произв.])*($D34=М[Хар-ка])*($O34=М[Прим.])),0))} -> 0 | N34: =ROUND($L$34*$M$34,2) -> 0 | P34: {=INDEX(М[Форма закупа],MATCH(1,IF(($B34=М[Наим.])*($C34=М[Артикул, марка, произв.])*($D34=М[Хар-ка])*($O34=М[Прим.]),{1},($B34=М[Наим.])*($C34=М[Артикул, марка, произв.])*($D34=М[Хар-ка])*($O34=М[Прим.])),0))} -> 0
A35: 3 | B35: Компенсатор сильфонный | C35: Ayvaz | D35: с защитной гильзой под приварку с внутренней направляющей Ду-65 | E35: шт | H35: 2 | I35: 4 | J35: 2 | K35: 2 | L35: =SUM($G$35:$K$35) -> 10 | M35: {=INDEX(М[Цена за ед., руб],MATCH(1,IF(($B35=М[Наим.])*($C35=М[Артикул, марка, произв.])*($D35=М[Хар-ка])*($O35=М[Прим.]),{1},($B35=М[Наим.])*($C35=М[Артикул, марка, произв.])*($D35=М[Хар-ка])*($O35=М[Прим.])),0))} -> 0 | N35: =ROUND($L$35*$M$35,2) -> 0 | P35: {=INDEX(М[Форма закупа],MATCH(1,IF(($B35=М[Наим.])*($C35=М[Артикул, марка, произв.])*($D35=М[Хар-ка])*($O35=М[Прим.]),{1},($B35=М[Наим.])*($C35=М[Артикул, марка, произв.])*($D35=М[Хар-ка])*($O35=М[Прим.])),0))} -> 0
A36: 4 | B36: Компенсатор сильфонный | C36: Ayvaz | D36: с защитной гильзой под приварку с внутренней направляющей Ду-80 | E36: шт | K36: 2 | L36: =SUM($G$36:$K$36) -> 2 | M36: {=INDEX(М[Цена за ед., руб],MATCH(1,IF(($B36=М[Наим.])*($C36=М[Артикул, марка, произв.])*($D36=М[Хар-ка])*($O36=М[Прим.]),{1},($B36=М[Наим.])*($C36=М[Артикул, марка, произв.])*($D36=М[Хар-ка])*($O36=М[Прим.])),0))} -> 0 | N36: =ROUND($L$36*$M$36,2) -> 0 | P36: {=INDEX(М[Форма закупа],MATCH(1,IF(($B36=М[Наим.])*($C36=М[Артикул, марка, произв.])*($D36=М[Хар-ка])*($O36=М[Прим.]),{1},($B36=М[Наим.])*($C36=М[Артикул, марка, произв.])*($D36=М[Хар-ка])*($O36=М[Прим.])),0))} -> 0
A37: 5 | B37: Компенсатор сильфонный | C37: Ayvaz | D37: с защитной гильзой под приварку с внутренней направляющей Ду-20 | E37: шт | H37: 2 | I37: 2 | J37: 2 | K37: 2 | L37: =SUM($G$37:$K$37) -> 8 | M37: {=INDEX(М[Цена за ед., руб],MATCH(1,IF(($B37=М[Наим.])*($C37=М[Артикул, марка, произв.])*($D37=М[Хар-ка])*($O37=М[Прим.]),{1},($B37=М[Наим.])*($C37=М[Артикул, марка, произв.])*($D37=М[Хар-ка])*($O37=М[Прим.])),0))} -> 0 | N37: =ROUND($L$37*$M$37,2) -> 0 | P37: {=INDEX(М[Форма закупа],MATCH(1,IF(($B37=М[Наим.])*($C37=М[Артикул, марка, произв.])*($D37=М[Хар-ка])*($O37=М[Прим.]),{1},($B37=М[Наим.])*($C37=М[Артикул, марка, произв.])*($D37=М[Хар-ка])*($O37=М[Прим.])),0))} -> 0
A38: 6 | B38: Компенсатор сильфонный | C38: Ayvaz | D38: с защитной гильзой под приварку с внутренней направляющей Ду-15 | E38: шт | I38: 4 | K38: 6 | L38: =SUM($G$38:$K$38) -> 10 | M38: {=INDEX(М[Цена за ед., руб],MATCH(1,IF(($B38=М[Наим.])*($C38=М[Артикул, марка, произв.])*($D38=М[Хар-ка])*($O38=М[Прим.]),{1},($B38=М[Наим.])*($C38=М[Артикул, марка, произв.])*($D38=М[Хар-ка])*($O38=М[Прим.])),0))} -> 0 | N38: =ROUND($L$38*$M$38,2) -> 0 | P38: {=INDEX(М[Форма закупа],MATCH(1,IF(($B38=М[Наим.])*($C38=М[Артикул, марка, произв.])*($D38=М[Хар-ка])*($O38=М[Прим.]),{1},($B38=М[Наим.])*($C38=М[Артикул, марка, произв.])*($D38=М[Хар-ка])*($O38=М[Прим.])),0))} -> 0
B39: Работы: | N39: =SUM($N$40) -> 0
B40: Монтаж кранов (фланцевые, резьбовые) до 32 мм | E40: шт | H40: 42 | I40: 47 | J40: 51 | K40: 58 | L40: =SUM($G$40:$K$40) -> 198 | M40: {=INDEX(Р[Цена за ед., руб],MATCH(1,IF(($B40=Р[Наименование])*($O40=Р[Примечание]),{1},($B40=Р[Наименование])*($O40=Р[Примечание])),0))} -> 0 | N40: =ROUND($L$40*$M$40,2) -> 0
B41: Материалы: | N41: =SUM($N$42:$N$45) -> 0
A42: 1 | B42: Кран шаровой | C42: Valtec | D42: Ду-15 полнопроходный с НГ | E42: шт | H42: 24 | I42: 33 | J42: 33 | K42: 40 | L42: =SUM($G$42:$K$42) -> 130 | M42: {=INDEX(М[Цена за ед., руб],MATCH(1,IF(($B42=М[Наим.])*($C42=М[Артикул, марка, произв.])*($D42=М[Хар-ка])*($O42=М[Прим.]),{1},($B42=М[Наим.])*($C42=М[Артикул, марка, произв.])*($D42=М[Хар-ка])*($O42=М[Прим.])),0))} -> 0 | N42: =ROUND($L$42*$M$42,2) -> 0 | P42: {=INDEX(М[Форма закупа],MATCH(1,IF(($B42=М[Наим.])*($C42=М[Артикул, марка, произв.])*($D42=М[Хар-ка])*($O42=М[Прим.]),{1},($B42=М[Наим.])*($C42=М[Артикул, марка, произв.])*($D42=М[Хар-ка])*($O42=М[Прим.])),0))} -> 0
A43: 2 | B43: Кран шаровой | C43: Valtec | D43: Ду-20 полнопроходный с НГ | E43: шт | H43: 4 | J43: 4 | K43: 4 | L43: =SUM($G$43:$K$43) -> 12 | M43: {=INDEX(М[Цена за ед., руб],MATCH(1,IF(($B43=М[Наим.])*($C43=М[Артикул, марка, произв.])*($D43=М[Хар-ка])*($O43=М[Прим.]),{1},($B43=М[Наим.])*($C43=М[Артикул, марка, произв.])*($D43=М[Хар-ка])*($O43=М[Прим.])),0))} -> 0 | N43: =ROUND($L$43*$M$43,2) -> 0 | P43: {=INDEX(М[Форма закупа],MATCH(1,IF(($B43=М[Наим.])*($C43=М[Артикул, марка, произв.])*($D43=М[Хар-ка])*($O43=М[Прим.]),{1},($B43=М[Наим.])*($C43=М[Артикул, марка, произв.])*($D43=М[Хар-ка])*($O43=М[Прим.])),0))} -> 0
A44: 3 | B44: Кран шаровой | C44: Valtec | D44: Ду-25 полнопроходный с НГ | E44: шт | H44: 2 | I44: 2 | J44: 2 | K44: 2 | L44: =SUM($G$44:$K$44) -> 8 | M44: {=INDEX(М[Цена за ед., руб],MATCH(1,IF(($B44=М[Наим.])*($C44=М[Артикул, марка, произв.])*($D44=М[Хар-ка])*($O44=М[Прим.]),{1},($B44=М[Наим.])*($C44=М[Артикул, марка, произв.])*($D44=М[Хар-ка])*($O44=М[Прим.])),0))} -> 0 | N44: =ROUND($L$44*$M$44,2) -> 0 | P44: {=INDEX(М[Форма закупа],MATCH(1,IF(($B44=М[Наим.])*($C44=М[Артикул, марка, произв.])*($D44=М[Хар-ка])*($O44=М[Прим.]),{1},($B44=М[Наим.])*($C44=М[Артикул, марка, произв.])*($D44=М[Хар-ка])*($O44=М[Прим.])),0))} -> 0
A45: 4 | B45: Кран шаровой | C45: Valtec | D45: ВР-ВР Ду-15 полнопроходной | E45: шт | H45: 12 | I45: 12 | J45: 12 | K45: 12 | L45: =SUM($G$45:$K$45) -> 48 | M45: {=INDEX(М[Цена за ед., руб],MATCH(1,IF(($B45=М[Наим.])*($C45=М[Артикул, марка, произв.])*($D45=М[Хар-ка])*($O45=М[Прим.]),{1},($B45=М[Наим.])*($C45=М[Артикул, марка, произв.])*($D45=М[Хар-ка])*($O45=М[Прим.])),0))} -> 0 | N45: =ROUND($L$45*$M$45,2) -> 0 | P45: {=INDEX(М[Форма закупа],MATCH(1,IF(($B45=М[Наим.])*($C45=М[Артикул, марка, произв.])*($D45=М[Хар-ка])*($O45=М[Прим.]),{1},($B45=М[Наим.])*($C45=М[Артикул, марка, произв.])*($D45=М[Хар-ка])*($O45=М[Прим.])),0))} -> 0
B46: Работы: | N46: =SUM($N$47) -> 0
B47: Монтаж неподвижных опор | E47: шт | H47: 16 | I47: 36 | J47: 20 | K47: 40 | L47: =SUM($G$47:$K$47) -> 112 | M47: {=INDEX(Р[Цена за ед., руб],MATCH(1,IF(($B47=Р[Наименование])*($O47=Р[Примечание]),{1},($B47=Р[Наименование])*($O47=Р[Примечание])),0))} -> 0 | N47: =ROUND($L$47*$M$47,2) -> 0
B48: Материалы: | N48: =SUM($N$49:$N$55) -> 0
A49: 1 | B49: Опора неподвижная | C49: Ayvaz | D49: стальная для стояков отопления Ду-76 | E49: шт | I49: 8 | J49: 4 | K49: 4 | L49: =SUM($G$49:$K$49) -> 16 | M49: {=INDEX(М[Цена за ед., руб],MATCH(1,IF(($B49=М[Наим.])*($C49=М[Артикул, марка, произв.])*($D49=М[Хар-ка])*($O49=М[Прим.]),{1},($B49=М[Наим.])*($C49=М[Артикул, марка, произв.])*($D49=М[Хар-ка])*($O49=М[Прим.])),0))} -> 0 | N49: =ROUND($L$49*$M$49,2) -> 0 | P49: {=INDEX(М[Форма закупа],MATCH(1,IF(($B49=М[Наим.])*($C49=М[Артикул, марка, произв.])*($D49=М[Хар-ка])*($O49=М[Прим.]),{1},($B49=М[Наим.])*($C49=М[Артикул, марка, произв.])*($D49=М[Хар-ка])*($O49=М[Прим.])),0))} -> 0
A50: 2 | B50: Опора неподвижная | C50: Ayvaz | D50: стальная для стояков отопления Ду-89 | E50: шт | H50: 4 | I50: 4 | J50: 4 | K50: 8 | L50: =SUM($G$50:$K$50) -> 20 | M50: {=INDEX(М[Цена за ед., руб],MATCH(1,IF(($B50=М[Наим.])*($C50=М[Артикул, марка, произв.])*($D50=М[Хар-ка])*($O50=М[Прим.]),{1},($B50=М[Наим.])*($C50=М[Артикул, марка, произв.])*($D50=М[Хар-ка])*($O50=М[Прим.])),0))} -> 0 | N50: =ROUND($L$50*$M$50,2) -> 0 | P50: {=INDEX(М[Форма закупа],MATCH(1,IF(($B50=М[Наим.])*($C50=М[Артикул, марка, произв.])*($D50=М[Хар-ка])*($O50=М[Прим.]),{1},($B50=М[Наим.])*($C50=М[Артикул, марка, произв.])*($D50=М[Хар-ка])*($O50=М[Прим.])),0))} -> 0
A51: 3 | B51: Опора неподвижная | C51: Ayvaz | D51: стальная для стояков отопления Ду-40 | E51: шт | I51: 4 | K51: 4 | L51: =SUM($G$51:$K$51) -> 8 | M51: {=INDEX(М[Цена за ед., руб],MATCH(1,IF(($B51=М[Наим.])*($C51=М[Артикул, марка, произв.])*($D51=М[Хар-ка])*($O51=М[Прим.]),{1},($B51=М[Наим.])*($C51=М[Артикул, марка, произв.])*($D51=М[Хар-ка])*($O51=М[Прим.])),0))} -> 0 | N51: =ROUND($L$51*$M$51,2) -> 0 | P51: {=INDEX(М[Форма закупа],MATCH(1,IF(($B51=М[Наим.])*($C51=М[Артикул, марка, произв.])*($D51=М[Хар-ка])*($O51=М[Прим.]),{1},($B51=М[Наим.])*($C51=М[Артикул, марка, произв.])*($D51=М[Хар-ка])*($O51=М[Прим.])),0))} -> 0
A52: 4 | B52: Опора неподвижная | C52: Ayvaz | D52: стальная для стояков отопления Ду-57 | E52: шт | H52: 4 | J52: 4 | L52: =SUM($G$52:$K$52) -> 8 | M52: {=INDEX(М[Цена за ед., руб],MATCH(1,IF(($B52=М[Наим.])*($C52=М[Артикул, марка, произв.])*($D52=М[Хар-ка])*($O52=М[Прим.]),{1},($B52=М[Наим.])*($C52=М[Артикул, марка, произв.])*($D52=М[Хар-ка])*($O52=М[Прим.])),0))} -> 0 | N52: =ROUND($L$52*$M$52,2) -> 0 | P52: {=INDEX(М[Форма закупа],MATCH(1,IF(($B52=М[Наим.])*($C52=М[Артикул, марка, произв.])*($D52=М[Хар-ка])*($O52=М[Прим.]),{1},($B52=М[Наим.])*($C52=М[Артикул, марка, произв.])*($D52=М[Хар-ка])*($O52=М[Прим.])),0))} -> 0
A53: 5 | B53: Опора неподвижная | C53: Ayvaz | D53: стальная для стояков отопления Ду-15 | E53: шт | H53: 4 | I53: 8 | J53: 4 | K53: 12 | L53: =SUM($G$53:$K$53) -> 28 | M53: {=INDEX(М[Цена за ед., руб],MATCH(1,IF(($B53=М[Наим.])*($C53=М[Артикул, марка, произв.])*($D53=М[Хар-ка])*($O53=М[Прим.]),{1},($B53=М[Наим.])*($C53=М[Артикул, марка, произв.])*($D53=М[Хар-ка])*($O53=М[Прим.])),0))} -> 0 | N53: =ROUND($L$53*$M$53,2) -> 0 | P53: {=INDEX(М[Форма закупа],MATCH(1,IF(($B53=М[Наим.])*($C53=М[Артикул, марка, произв.])*($D53=М[Хар-ка])*($O53=М[Прим.]),{1},($B53=М[Наим.])*($C53=М[Артикул, марка, произв.])*($D53=М[Хар-ка])*($O53=М[Прим.])),0))} -> 0
A54: 6 | B54: Опора неподвижная | C54: Ayvaz | D54: стальная для стояков отопления Ду-20 | E54: шт | H54: 4 | I54: 8 | J54: 4 | K54: 8 | L54: =SUM($G$54:$K$54) -> 24 | M54: {=INDEX(М[Цена за ед., руб],MATCH(1,IF(($B54=М[Наим.])*($C54=М[Артикул, марка, произв.])*($D54=М[Хар-ка])*($O54=М[Прим.]),{1},($B54=М[Наим.])*($C54=М[Артикул, марка, произв.])*($D54=М[Хар-ка])*($O54=М[Прим.])),0))} -> 0 | N54: =ROUND($L$54*$M$54,2) -> 0 | P54: {=INDEX(М[Форма закупа],MATCH(1,IF(($B54=М[Наим.])*($C54=М[Артикул, марка, произв.])*($D54=М[Хар-ка])*($O54=М[Прим.]),{1},($B54=М[Наим.])*($C54=М[Артикул, марка, произв.])*($D54=М[Хар-ка])*($O54=М[Прим.])),0))} -> 0
A55: 7 | B55: Опора неподвижная | C55: Ayvaz | D55: стальная для стояков отопления Ду-25 | E55: шт | I55: 4 | K55: 4 | L55: =SUM($G$55:$K$55) -> 8 | M55: {=INDEX(М[Цена за ед., руб],MATCH(1,IF(($B55=М[Наим.])*($C55=М[Артикул, марка, произв.])*($D55=М[Хар-ка])*($O55=М[Прим.]),{1},($B55=М[Наим.])*($C55=М[Артикул, марка, произв.])*($D55=М[Хар-ка])*($O55=М[Прим.])),0))} -> 0 | N55: =ROUND($L$55*$M$55,2) -> 0 | P55: {=INDEX(М[Форма закупа],MATCH(1,IF(($B55=М[Наим.])*($C55=М[Артикул, марка, произв.])*($D55=М[Хар-ка])*($O55=М[Прим.]),{1},($B55=М[Наим.])*($C55=М[Артикул, марка, произв.])*($D55=М[Хар-ка])*($O55=М[Прим.])),0))} -> 0
B56: Работы: | N56: =SUM($N$57) -> 0
B57: Монтаж счетчика | E57: шт | H57: 64 | I57: 79 | J57: 82 | K57: 94 | L57: =SUM($G$57:$K$57) -> 319 | M57: {=INDEX(Р[Цена за ед., руб],MATCH(1,IF(($B57=Р[Наименование])*($O57=Р[Примечание]),{1},($B57=Р[Наименование])*($O57=Р[Примечание])),0))} -> 0 | N57: =ROUND($L$57*$M$57,2) -> 0
B58: Материалы: | N58: =SUM($N$59:$N$61) -> 0
A59: 1 | B59: Присоединители для счетчика | E59: компл. | H59: 64 | I59: 79 | J59: 82 | K59: 94 | L59: =SUM($G$59:$K$59) -> 319 | M59: {=INDEX(М[Цена за ед., руб],MATCH(1,IF(($B59=М[Наим.])*($C59=М[Артикул, марка, произв.])*($D59=М[Хар-ка])*($O59=М[Прим.]),{1},($B59=М[Наим.])*($C59=М[Артикул, марка, произв.])*($D59=М[Хар-ка])*($O59=М[Прим.])),0))} -> 0 | N59: =ROUND($L$59*$M$59,2) -> 0 | P59: {=INDEX(М[Форма закупа],MATCH(1,IF(($B59=М[Наим.])*($C59=М[Артикул, марка, произв.])*($D59=М[Хар-ка])*($O59=М[Прим.]),{1},($B59=М[Наим.])*($C59=М[Артикул, марка, произв.])*($D59=М[Хар-ка])*($O59=М[Прим.])),0))} -> 0
A60: 2 | B60: Вставка ремонтная | D60: для счетчика Ду15 мм | E60: шт | H60: 64 | I60: 79 | J60: 82 | K60: 94 | L60: =SUM($G$60:$K$60) -> 319 | M60: {=INDEX(М[Цена за ед., руб],MATCH(1,IF(($B60=М[Наим.])*($C60=М[Артикул, марка, произв.])*($D60=М[Хар-ка])*($O60=М[Прим.]),{1},($B60=М[Наим.])*($C60=М[Артикул, марка, произв.])*($D60=М[Хар-ка])*($O60=М[Прим.])),0))} -> 0 | N60: =ROUND($L$60*$M$60,2) -> 0 | P60: {=INDEX(М[Форма закупа],MATCH(1,IF(($B60=М[Наим.])*($C60=М[Артикул, марка, произв.])*($D60=М[Хар-ка])*($O60=М[Прим.]),{1},($B60=М[Наим.])*($C60=М[Артикул, марка, произв.])*($D60=М[Хар-ка])*($O60=М[Прим.])),0))} -> 0
A61: 3 | B61: Счетчик тепловой энергии | C61: Пульсар | D61: RS-485 Modbus Ду15 | E61: шт | H61: 64 | I61: 79 | J61: 82 | K61: 94 | L61: =SUM($G$61:$K$61) -> 319 | M61: {=INDEX(М[Цена за ед., руб],MATCH(1,IF(($B61=М[Наим.])*($C61=М[Артикул, марка, произв.])*($D61=М[Хар-ка])*($O61=М[Прим.]),{1},($B61=М[Наим.])*($C61=М[Артикул, марка, произв.])*($D61=М[Хар-ка])*($O61=М[Прим.])),0))} -> 0 | N61: =ROUND($L$61*$M$61,2) -> 0 | P61: {=INDEX(М[Форма закупа],MATCH(1,IF(($B61=М[Наим.])*($C61=М[Артикул, марка, произв.])*($D61=М[Хар-ка])*($O61=М[Прим.]),{1},($B61=М[Наим.])*($C61=М[Артикул, марка, произв.])*($D61=М[Хар-ка])*($O61=М[Прим.])),0))} -> 0
B62: Работы: | N62: =SUM($N$63) -> 0
B63: Монтаж трубной изоляции | E63: м | H63: 308 | I63: 378 | J63: 335 | K63: 423 | L63: =SUM($G$63:$K$63) -> 1444 | M63: {=INDEX(Р[Цена за ед., руб],MATCH(1,IF(($B63=Р[Наименование])*($O63=Р[Примечание]),{1},($B63=Р[Наименование])*($O63=Р[Примечание])),0))} -> 0 | N63: =ROUND($L$63*$M$63,2) -> 0
B64: Материалы: | N64: =SUM($N$65:$N$72) -> 0
A65: 1 | B65: Теплоизоляция трубная | C65: K-FLEX | D65: 76х13мм вспененный полиэтилен | E65: пог. м | H65: 42 | I65: 44 | J65: 44 | K65: 36 | L65: =SUM($G$65:$K$65) -> 166 | M65: {=INDEX(М[Цена за ед., руб],MATCH(1,IF(($B65=М[Наим.])*($C65=М[Артикул, марка, произв.])*($D65=М[Хар-ка])*($O65=М[Прим.]),{1},($B65=М[Наим.])*($C65=М[Артикул, марка, произв.])*($D65=М[Хар-ка])*($O65=М[Прим.])),0))} -> 0 | N65: =ROUND($L$65*$M$65,2) -> 0 | P65: {=INDEX(М[Форма закупа],MATCH(1,IF(($B65=М[Наим.])*($C65=М[Артикул, марка, произв.])*($D65=М[Хар-ка])*($O65=М[Прим.]),{1},($B65=М[Наим.])*($C65=М[Артикул, марка, произв.])*($D65=М[Хар-ка])*($O65=М[Прим.])),0))} -> 0
A66: 2 | B66: Теплоизоляция трубная | C66: K-FLEX | D66: 89х13мм вспененный полиэтилен | E66: пог. м | H66: 24 | I66: 34 | J66: 34 | K66: 46 | L66: =SUM($G$66:$K$66) -> 138 | M66: {=INDEX(М[Цена за ед., руб],MATCH(1,IF(($B66=М[Наим.])*($C66=М[Артикул, марка, произв.])*($D66=М[Хар-ка])*($O66=М[Прим.]),{1},($B66=М[Наим.])*($C66=М[Артикул, марка, произв.])*($D66=М[Хар-ка])*($O66=М[Прим.])),0))} -> 0 | N66: =ROUND($L$66*$M$66,2) -> 0 | P66: {=INDEX(М[Форма закупа],MATCH(1,IF(($B66=М[Наим.])*($C66=М[Артикул, марка, произв.])*($D66=М[Хар-ка])*($O66=М[Прим.]),{1},($B66=М[Наим.])*($C66=М[Артикул, марка, произв.])*($D66=М[Хар-ка])*($O66=М[Прим.])),0))} -> 0
A67: 3 | B67: Теплоизоляция трубная | C67: K-FLEX | D67: 48х13мм вспененный полиэтилен | E67: пог. м | H67: 8 | I67: 8 | J67: 8 | K67: 8 | L67: =SUM($G$67:$K$67) -> 32 | M67: {=INDEX(М[Цена за ед., руб],MATCH(1,IF(($B67=М[Наим.])*($C67=М[Артикул, марка, произв.])*($D67=М[Хар-ка])*($O67=М[Прим.]),{1},($B67=М[Наим.])*($C67=М[Артикул, марка, произв.])*($D67=М[Хар-ка])*($O67=М[Прим.])),0))} -> 0 | N67: =ROUND($L$67*$M$67,2) -> 0 | P67: {=INDEX(М[Форма закупа],MATCH(1,IF(($B67=М[Наим.])*($C67=М[Артикул, марка, произв.])*($D67=М[Хар-ка])*($O67=М[Прим.]),{1},($B67=М[Наим.])*($C67=М[Артикул, марка, произв.])*($D67=М[Хар-ка])*($O67=М[Прим.])),0))} -> 0
A68: 4 | B68: Теплоизоляция трубная | C68: K-FLEX | D68: 57х13мм вспененный полиэтилен | E68: пог. м | H68: 31 | I68: 30 | J68: 30 | K68: 30 | L68: =SUM($G$68:$K$68) -> 121 | M68: {=INDEX(М[Цена за ед., руб],MATCH(1,IF(($B68=М[Наим.])*($C68=М[Артикул, марка, произв.])*($D68=М[Хар-ка])*($O68=М[Прим.]),{1},($B68=М[Наим.])*($C68=М[Артикул, марка, произв.])*($D68=М[Хар-ка])*($O68=М[Прим.])),0))} -> 0 | N68: =ROUND($L$68*$M$68,2) -> 0 | P68: {=INDEX(М[Форма закупа],MATCH(1,IF(($B68=М[Наим.])*($C68=М[Артикул, марка, произв.])*($D68=М[Хар-ка])*($O68=М[Прим.]),{1},($B68=М[Наим.])*($C68=М[Артикул, марка, произв.])*($D68=М[Хар-ка])*($O68=М[Прим.])),0))} -> 0
A69: 5 | B69: Теплоизоляция трубная | C69: K-FLEX | D69: 22х13мм вспененный полиэтилен | E69: пог. м | H69: 114 | I69: 120 | J69: 100 | K69: 160 | L69: =SUM($G$69:$K$69) -> 494 | M69: {=INDEX(М[Цена за ед., руб],MATCH(1,IF(($B69=М[Наим.])*($C69=М[Артикул, марка, произв.])*($D69=М[Хар-ка])*($O69=М[Прим.]),{1},($B69=М[Наим.])*($C69=М[Артикул, марка, произв.])*($D69=М[Хар-ка])*($O69=М[Прим.])),0))} -> 0 | N69: =ROUND($L$69*$M$69,2) -> 0 | P69: {=INDEX(М[Форма закупа],MATCH(1,IF(($B69=М[Наим.])*($C69=М[Артикул, марка, произв.])*($D69=М[Хар-ка])*($O69=М[Прим.]),{1},($B69=М[Наим.])*($C69=М[Артикул, марка, произв.])*($D69=М[Хар-ка])*($O69=М[Прим.])),0))} -> 0
A70: 6 | B70: Теплоизоляция трубная | C70: K-FLEX | D70: 28х13мм вспененный полиэтилен | E70: пог. м | H70: 58 | I70: 78 | J70: 92 | K70: 86 | L70: =SUM($G$70:$K$70) -> 314 | M70: {=INDEX(М[Цена за ед., руб],MATCH(1,IF(($B70=М[Наим.])*($C70=М[Артикул, марка, произв.])*($D70=М[Хар-ка])*($O70=М[Прим.]),{1},($B70=М[Наим.])*($C70=М[Артикул, марка, произв.])*($D70=М[Хар-ка])*($O70=М[Прим.])),0))} -> 0 | N70: =ROUND($L$70*$M$70,2) -> 0 | P70: {=INDEX(М[Форма закупа],MATCH(1,IF(($B70=М[Наим.])*($C70=М[Артикул, марка, произв.])*($D70=М[Хар-ка])*($O70=М[Прим.]),{1},($B70=М[Наим.])*($C70=М[Артикул, марка, произв.])*($D70=М[Хар-ка])*($O70=М[Прим.])),0))} -> 0
A71: 7 | B71: Теплоизоляция трубная | C71: K-FLEX | D71: 35х13мм вспененный полиэтилен | E71: пог. м | H71: 3 | I71: 39 | J71: 2 | K71: 30 | L71: =SUM($G$71:$K$71) -> 74 | M71: {=INDEX(М[Цена за ед., руб],MATCH(1,IF(($B71=М[Наим.])*($C71=М[Артикул, марка, произв.])*($D71=М[Хар-ка])*($O71=М[Прим.]),{1},($B71=М[Наим.])*($C71=М[Артикул, марка, произв.])*($D71=М[Хар-ка])*($O71=М[Прим.])),0))} -> 0 | N71: =ROUND($L$71*$M$71,2) -> 0 | P71: {=INDEX(М[Форма закупа],MATCH(1,IF(($B71=М[Наим.])*($C71=М[Артикул, марка, произв.])*($D71=М[Хар-ка])*($O71=М[Прим.]),{1},($B71=М[Наим.])*($C71=М[Артикул, марка, произв.])*($D71=М[Хар-ка])*($O71=М[Прим.])),0))} -> 0
A72: 8 | B72: Теплоизоляция трубная | C72: K-FLEX | D72: 42х13мм вспененный полиэтилен | E72: пог. м | H72: 28 | I72: 25 | J72: 25 | K72: 27 | L72: =SUM($G$72:$K$72) -> 105 | M72: {=INDEX(М[Цена за ед., руб],MATCH(1,IF(($B72=М[Наим.])*($C72=М[Артикул, марка, произв.])*($D72=М[Хар-ка])*($O72=М[Прим.]),{1},($B72=М[Наим.])*($C72=М[Артикул, марка, произв.])*($D72=М[Хар-ка])*($O72=М[Прим.])),0))} -> 0 | N72: =ROUND($L$72*$M$72,2) -> 0 | P72: {=INDEX(М[Форма закупа],MATCH(1,IF(($B72=М[Наим.])*($C72=М[Артикул, марка, произв.])*($D72=М[Хар-ка])*($O72=М[Прим.]),{1},($B72=М[Наим.])*($C72=М[Артикул, марка, произв.])*($D72=М[Хар-ка])*($O72=М[Прим.])),0))} -> 0
B73: Работы: | N73: =SUM($N$74) -> 0
B74: Монтаж фильтра | E74: шт | H74: 2 | I74: 1 | J74: 2 | K74: 2 | L74: =SUM($G$74:$K$74) -> 7 | M74: {=INDEX(Р[Цена за ед., руб],MATCH(1,IF(($B74=Р[Наименование])*($O74=Р[Примечание]),{1},($B74=Р[Наименование])*($O74=Р[Примечание])),0))} -> 0 | N74: =ROUND($L$74*$M$74,2) -> 0
B75: Материалы: | N75: =SUM($N$76:$N$77) -> 0
A76: 1 | B76: Фильтр сетчатый | C76: Valtec | D76: муфтовый ВР-ВР Ду-25 латунь | E76: шт | H76: 1 | I76: 1 | J76: 1 | K76: 1 | L76: =SUM($G$76:$K$76) -> 4 | M76: {=INDEX(М[Цена за ед., руб],MATCH(1,IF(($B76=М[Наим.])*($C76=М[Артикул, марка, произв.])*($D76=М[Хар-ка])*($O76=М[Прим.]),{1},($B76=М[Наим.])*($C76=М[Артикул, марка, произв.])*($D76=М[Хар-ка])*($O76=М[Прим.])),0))} -> 0 | N76: =ROUND($L$76*$M$76,2) -> 0 | P76: {=INDEX(М[Форма закупа],MATCH(1,IF(($B76=М[Наим.])*($C76=М[Артикул, марка, произв.])*($D76=М[Хар-ка])*($O76=М[Прим.]),{1},($B76=М[Наим.])*($C76=М[Артикул, марка, произв.])*($D76=М[Хар-ка])*($O76=М[Прим.])),0))} -> 0
A77: 2 | B77: Фильтр сетчатый | C77: Valtec | D77: Ду-20 латунь | E77: шт | H77: 1 | J77: 1 | K77: 1 | L77: =SUM($G$77:$K$77) -> 3 | M77: {=INDEX(М[Цена за ед., руб],MATCH(1,IF(($B77=М[Наим.])*($C77=М[Артикул, марка, произв.])*($D77=М[Хар-ка])*($O77=М[Прим.]),{1},($B77=М[Наим.])*($C77=М[Артикул, марка, произв.])*($D77=М[Хар-ка])*($O77=М[Прим.])),0))} -> 0 | N77: =ROUND($L$77*$M$77,2) -> 0 | P77: {=INDEX(М[Форма закупа],MATCH(1,IF(($B77=М[Наим.])*($C77=М[Артикул, марка, произв.])*($D77=М[Хар-ка])*($O77=М[Прим.]),{1},($B77=М[Наим.])*($C77=М[Артикул, марка, произв.])*($D77=М[Хар-ка])*($O77=М[Прим.])),0))} -> 0
B78: Работы: | N78: =SUM($N$79) -> 0
B79: Пробивка отверстий Ø70 | E79: шт | H79: 260 | I79: 320 | J79: 280 | K79: 320 | L79: =SUM($G$79:$K$79) -> 1180 | M79: {=INDEX(Р[Цена за ед., руб],MATCH(1,IF(($B79=Р[Наименование])*($O79=Р[Примечание]),{1},($B79=Р[Наименование])*($O79=Р[Примечание])),0))} -> 0 | N79: =ROUND($L$79*$M$79,2) -> 0
B80: Работы: | N80: =SUM($N$81) -> 0
B81: Прокладка трубы стальной до 40 мм | E81: пог. м | H81: 255 | I81: 284 | J81: 241 | K81: 323 | L81: =SUM($G$81:$K$81) -> 1103 | M81: {=INDEX(Р[Цена за ед., руб],MATCH(1,IF(($B81=Р[Наименование])*($O81=Р[Примечание]),{1},($B81=Р[Наименование])*($O81=Р[Примечание])),0))} -> 0 | N81: =ROUND($L$81*$M$81,2) -> 0
B82: Материалы: | N82: =SUM($N$83:$N$87) -> 0
A83: 1 | B83: Труба водогазопроводная | D83: стальная D-25х2,8 СТ3 | E83: пог. м | H83: 3 | I83: 39 | J83: 2 | K83: 30 | L83: =SUM($G$83:$K$83) -> 74 | M83: {=INDEX(М[Цена за ед., руб],MATCH(1,IF(($B83=М[Наим.])*($C83=М[Артикул, марка, произв.])*($D83=М[Хар-ка])*($O83=М[Прим.]),{1},($B83=М[Наим.])*($C83=М[Артикул, марка, произв.])*($D83=М[Хар-ка])*($O83=М[Прим.])),0))} -> 0 | N83: =ROUND($L$83*$M$83,2) -> 0 | P83: {=INDEX(М[Форма закупа],MATCH(1,IF(($B83=М[Наим.])*($C83=М[Артикул, марка, произв.])*($D83=М[Хар-ка])*($O83=М[Прим.]),{1},($B83=М[Наим.])*($C83=М[Артикул, марка, произв.])*($D83=М[Хар-ка])*($O83=М[Прим.])),0))} -> 0
A84: 2 | B84: Труба водогазопроводная | D84: стальная D-15х2,8 СТ3 | E84: пог. м | H84: 144 | I84: 120 | J84: 100 | K84: 160 | L84: =SUM($G$84:$K$84) -> 524 | M84: {=INDEX(М[Цена за ед., руб],MATCH(1,IF(($B84=М[Наим.])*($C84=М[Артикул, марка, произв.])*($D84=М[Хар-ка])*($O84=М[Прим.]),{1},($B84=М[Наим.])*($C84=М[Артикул, марка, произв.])*($D84=М[Хар-ка])*($O84=М[Прим.])),0))} -> 0 | N84: =ROUND($L$84*$M$84,2) -> 0 | P84: {=INDEX(М[Форма закупа],MATCH(1,IF(($B84=М[Наим.])*($C84=М[Артикул, марка, произв.])*($D84=М[Хар-ка])*($O84=М[Прим.]),{1},($B84=М[Наим.])*($C84=М[Артикул, марка, произв.])*($D84=М[Хар-ка])*($O84=М[Прим.])),0))} -> 0
A85: 3 | B85: Труба водогазопроводная | D85: стальная D-20х2,8 СТ3 | E85: пог. м | H85: 58 | I85: 78 | J85: 92 | K85: 86 | L85: =SUM($G$85:$K$85) -> 314 | M85: {=INDEX(М[Цена за ед., руб],MATCH(1,IF(($B85=М[Наим.])*($C85=М[Артикул, марка, произв.])*($D85=М[Хар-ка])*($O85=М[Прим.]),{1},($B85=М[Наим.])*($C85=М[Артикул, марка, произв.])*($D85=М[Хар-ка])*($O85=М[Прим.])),0))} -> 0 | N85: =ROUND($L$85*$M$85,2) -> 0 | P85: {=INDEX(М[Форма закупа],MATCH(1,IF(($B85=М[Наим.])*($C85=М[Артикул, марка, произв.])*($D85=М[Хар-ка])*($O85=М[Прим.]),{1},($B85=М[Наим.])*($C85=М[Артикул, марка, произв.])*($D85=М[Хар-ка])*($O85=М[Прим.])),0))} -> 0
A86: 4 | B86: Труба водогазопроводная | D86: стальная D-32х3,2 СТ3 | E86: пог. м | H86: 30 | I86: 27 | J86: 27 | K86: 27 | L86: =SUM($G$86:$K$86) -> 111 | M86: {=INDEX(М[Цена за ед., руб],MATCH(1,IF(($B86=М[Наим.])*($C86=М[Артикул, марка, произв.])*($D86=М[Хар-ка])*($O86=М[Прим.]),{1},($B86=М[Наим.])*($C86=М[Артикул, марка, произв.])*($D86=М[Хар-ка])*($O86=М[Прим.])),0))} -> 0 | N86: =ROUND($L$86*$M$86,2) -> 0 | P86: {=INDEX(М[Форма закупа],MATCH(1,IF(($B86=М[Наим.])*($C86=М[Артикул, марка, произв.])*($D86=М[Хар-ка])*($O86=М[Прим.]),{1},($B86=М[Наим.])*($C86=М[Артикул, марка, произв.])*($D86=М[Хар-ка])*($O86=М[Прим.])),0))} -> 0
A87: 5 | B87: Труба водогазопроводная | D87: стальная D-40х3,5 СТ3 | E87: пог. м | H87: 20 | I87: 20 | J87: 20 | K87: 20 | L87: =SUM($G$87:$K$87) -> 80 | M87: {=INDEX(М[Цена за ед., руб],MATCH(1,IF(($B87=М[Наим.])*($C87=М[Артикул, марка, произв.])*($D87=М[Хар-ка])*($O87=М[Прим.]),{1},($B87=М[Наим.])*($C87=М[Артикул, марка, произв.])*($D87=М[Хар-ка])*($O87=М[Прим.])),0))} -> 0 | N87: =ROUND($L$87*$M$87,2) -> 0 | P87: {=INDEX(М[Форма закупа],MATCH(1,IF(($B87=М[Наим.])*($C87=М[Артикул, марка, произв.])*($D87=М[Хар-ка])*($O87=М[Прим.]),{1},($B87=М[Наим.])*($C87=М[Артикул, марка, произв.])*($D87=М[Хар-ка])*($O87=М[Прим.])),0))} -> 0
B88: Работы: | N88: =SUM($N$89) -> 0
B89: Прокладка трубы стальной от 57 мм | E89: пог. м | H89: 94 | I89: 105 | J89: 97 | K89: 107 | L89: =SUM($G$89:$K$89) -> 403 | M89: {=INDEX(Р[Цена за ед., руб],MATCH(1,IF(($B89=Р[Наименование])*($O89=Р[Примечание]),{1},($B89=Р[Наименование])*($O89=Р[Примечание])),0))} -> 0 | N89: =ROUND($L$89*$M$89,2) -> 0
B90: Материалы: | N90: =SUM($N$91:$N$93) -> 0
A91: 1 | B91: Труба электросварная (пог.м.) | D91: стальная D-89х4,0 | E91: пог. м | H91: 29 | I91: 39 | J91: 35 | K91: 50 | L91: =SUM($G$91:$K$91) -> 153 | M91: {=INDEX(М[Цена за ед., руб],MATCH(1,IF(($B91=М[Наим.])*($C91=М[Артикул, марка, произв.])*($D91=М[Хар-ка])*($O91=М[Прим.]),{1},($B91=М[Наим.])*($C91=М[Артикул, марка, произв.])*($D91=М[Хар-ка])*($O91=М[Прим.])),0))} -> 0 | N91: =ROUND($L$91*$M$91,2) -> 0 | P91: {=INDEX(М[Форма закупа],MATCH(1,IF(($B91=М[Наим.])*($C91=М[Артикул, марка, произв.])*($D91=М[Хар-ка])*($O91=М[Прим.]),{1},($B91=М[Наим.])*($C91=М[Артикул, марка, произв.])*($D91=М[Хар-ка])*($O91=М[Прим.])),0))} -> 0
A92: 2 | B92: Труба электросварная (пог.м.) | D92: стальная D-76х3,5 | E92: пог. м | H92: 44 | I92: 46 | J92: 46 | K92: 38 | L92: =SUM($G$92:$K$92) -> 174 | M92: {=INDEX(М[Цена за ед., руб],MATCH(1,IF(($B92=М[Наим.])*($C92=М[Артикул, марка, произв.])*($D92=М[Хар-ка])*($O92=М[Прим.]),{1},($B92=М[Наим.])*($C92=М[Артикул, марка, произв.])*($D92=М[Хар-ка])*($O92=М[Прим.])),0))} -> 0 | N92: =ROUND($L$92*$M$92,2) -> 0 | P92: {=INDEX(М[Форма закупа],MATCH(1,IF(($B92=М[Наим.])*($C92=М[Артикул, марка, произв.])*($D92=М[Хар-ка])*($O92=М[Прим.]),{1},($B92=М[Наим.])*($C92=М[Артикул, марка, произв.])*($D92=М[Хар-ка])*($O92=М[Прим.])),0))} -> 0
A93: 3 | B93: Труба электросварная (пог.м.) | D93: стальная D-57х3,5 | E93: пог. м | H93: 21 | I93: 20 | J93: 16 | K93: 19 | L93: =SUM($G$93:$K$93) -> 76 | M93: {=INDEX(М[Цена за ед., руб],MATCH(1,IF(($B93=М[Наим.])*($C93=М[Артикул, марка, произв.])*($D93=М[Хар-ка])*($O93=М[Прим.]),{1},($B93=М[Наим.])*($C93=М[Артикул, марка, произв.])*($D93=М[Хар-ка])*($O93=М[Прим.])),0))} -> 0 | N93: =ROUND($L$93*$M$93,2) -> 0 | P93: {=INDEX(М[Форма закупа],MATCH(1,IF(($B93=М[Наим.])*($C93=М[Артикул, марка, произв.])*($D93=М[Хар-ка])*($O93=М[Прим.]),{1},($B93=М[Наим.])*($C93=М[Артикул, марка, произв.])*($D93=М[Хар-ка])*($O93=М[Прим.])),0))} -> 0
A94: 11.04.03 | B94: Устройство отопления (горизонтальная разводка) | N94: =SUM($N$95) -> 0
A95: 11.04.03.00 | B95: Устройство отопления (горизонтальная разводка) | N95: =SUM($N$336,$N$334,$N$328,$N$326,$N$324,$N$322,$N$319,$N$317,$N$313,$N$311,$N$307,$N$305,$N$294,$N$292,$N$159,$N$157,$N$155,$N$153,$N$147,$N$145,$N$139,$N$137,$N$133,$N$131,$N$129,$N$127,$N$121,$N$119,$N$112,$N$110,$N$106,$N$104,$N$102,$N$100,$N$98,$N$96,N288,N290) -> 0
B96: Работы: | N96: =SUM($N$97) -> 0
B97: Бурение отверстий до 100мм | E97: шт | G97: 40 | L97: =SUM($G$97:$K$97) -> 40 | M97: {=INDEX(Р[Цена за ед., руб],MATCH(1,IF(($B97=Р[Наименование])*($O97=Р[Примечание]),{1},($B97=Р[Наименование])*($O97=Р[Примечание])),0))} -> 0 | N97: =ROUND($L$97*$M$97,2) -> 0
B98: Работы: | N98: =SUM($N$99) -> 0
B99: Бурение отверстий до 120мм | E99: шт | G99: 32 | L99: =SUM($G$99:$K$99) -> 32 | M99: {=INDEX(Р[Цена за ед., руб],MATCH(1,IF(($B99=Р[Наименование])*($O99=Р[Примечание]),{1},($B99=Р[Наименование])*($O99=Р[Примечание])),0))} -> 0 | N99: =ROUND($L$99*$M$99,2) -> 0
B100: Работы: | N100: =SUM($N$101) -> 0
B101: Монтаж автоматического воздухоотводчика | E101: шт | G101: 108 | L101: =SUM($G$101:$K$101) -> 108 | M101: {=INDEX(Р[Цена за ед., руб],MATCH(1,IF(($B101=Р[Наименование])*($O101=Р[Примечание]),{1},($B101=Р[Наименование])*($O101=Р[Примечание])),0))} -> 0 | N101: =ROUND($L$101*$M$101,2) -> 0
B102: Материалы: | N102: =SUM($N$103) -> 0
A103: 1 | B103: Воздухоотводчик | C103: Valtec | D103: автоматический Ду-15 10bar | E103: шт | G103: 108 | L103: =SUM($G$103:$K$103) -> 108 | M103: {=INDEX(М[Цена за ед., руб],MATCH(1,IF(($B103=М[Наим.])*($C103=М[Артикул, марка, произв.])*($D103=М[Хар-ка])*($O103=М[Прим.]),{1},($B103=М[Наим.])*($C103=М[Артикул, марка, произв.])*($D103=М[Хар-ка])*($O103=М[Прим.])),0))} -> 0 | N103: =ROUND($L$103*$M$103,2) -> 0 | P103: {=INDEX(М[Форма закупа],MATCH(1,IF(($B103=М[Наим.])*($C103=М[Артикул, марка, произв.])*($D103=М[Хар-ка])*($O103=М[Прим.]),{1},($B103=М[Наим.])*($C103=М[Артикул, марка, произв.])*($D103=М[Хар-ка])*($O103=М[Прим.])),0))} -> 0
...

Sheet Работы
A1: Сводная ведомость объемов работ
A3: Наименование | B3: Ед. изм. | C3: Количество | D3: Цена за ед., руб | E3: Сумма, руб | F3: Примечание
A4: Бурение отверстий Ø60 | B4: шт | C4: 16 | E4: =ROUND(Р[[#This Row],[Количество]]*Р[[#This Row],[Цена за ед., руб]],2) -> 0
A5: Бурение отверстий до 120мм | B5: шт | C5: 107 | E5: =ROUND(Р[[#This Row],[Количество]]*Р[[#This Row],[Цена за ед., руб]],2) -> 0
A6: Бурение отверстий до 80мм | B6: шт | C6: 309 | E6: =ROUND(Р[[#This Row],[Количество]]*Р[[#This Row],[Цена за ед., руб]],2) -> 0
A7: Монтаж автоматического воздухоотводчика | B7: шт | C7: 152 | E7: =ROUND(Р[[#This Row],[Количество]]*Р[[#This Row],[Цена за ед., руб]],2) -> 0
A8: Монтаж воздушно-отопительного агрегата | B8: шт | C8: 12 | E8: =ROUND(Р[[#This Row],[Количество]]*Р[[#This Row],[Цена за ед., руб]],2) -> 0
A9: Монтаж клапана (фланцевые, резьбовые) от 40 мм | B9: шт | C9: 128 | E9: =ROUND(Р[[#This Row],[Количество]]*Р[[#This Row],[Цена за ед., руб]],2) -> 0
A10: Монтаж компенсатора сильфонного | B10: шт | C10: 38 | E10: =ROUND(Р[[#This Row],[Количество]]*Р[[#This Row],[Цена за ед., руб]],2) -> 0
A11: Монтаж кранов (фланцевые, резьбовые) до 32 мм | B11: шт | C11: 718 | E11: =ROUND(Р[[#This Row],[Количество]]*Р[[#This Row],[Цена за ед., руб]],2) -> 0
A12: Монтаж неподвижных опор | B12: шт | C12: 112 | E12: =ROUND(Р[[#This Row],[Количество]]*Р[[#This Row],[Цена за ед., руб]],2) -> 0
A13: Монтаж счетчика | B13: шт | C13: 319 | E13: =ROUND(Р[[#This Row],[Количество]]*Р[[#This Row],[Цена за ед., руб]],2) -> 0
A14: Монтаж трубной изоляции | B14: м | C14: 26351 | E14: =ROUND(Р[[#This Row],[Количество]]*Р[[#This Row],[Цена за ед., руб]],2) -> 0
A15: Монтаж фильтра | B15: шт | C15: 7 | E15: =ROUND(Р[[#This Row],[Количество]]*Р[[#This Row],[Цена за ед., руб]],2) -> 0
... A34: Прочие работы | B34: компл. | C34: 4 | E34: =ROUND(Р[[#This Row],[Количество]]*Р[[#This Row],[Цена за ед., руб]],2) -> 0
A35: Итог | E35: =SUBTOTAL(109,Р[Сумма, руб]) -> 0
D37: Проверка: | E37: =ЛСР!N358-Р[[#Totals],[Сумма, руб]] -> 0

Sheet Материалы
A1: Сводная ведомость объемов материала
A3: Наим. | B3: Артикул, марка, произв. | C3: Хар-ка | D3: Ед. изм. | E3: Количество | F3: Цена за ед., руб | G3: Сумма, руб | H3: Прим. | I3: Форма закупа
A4: Запорно-регулирующая арматура | C4: в комплекте с нипелями Ф3/4*1/2 | D4: шт | E4: 1232 | G4: =ROUND(М[[#This Row],[Количество]]*М[[#This Row],[Цена за ед., руб]],2) -> 0
A5: Уголок для сшитого полиэтилена | C5: PPSU | D5: шт | E5: 2464 | G5: =ROUND(М[[#This Row],[Количество]]*М[[#This Row],[Цена за ед., руб]],2) -> 0
A6: Евроконус | C6: сшитый полиэтилен 3/4x20 | D6: шт | E6: 2464 | G6: =ROUND(М[[#This Row],[Количество]]*М[[#This Row],[Цена за ед., руб]],2) -> 0
A7: Термостатический элемент | C7: TR-84 | D7: шт | E7: 1233 | G7: =ROUND(М[[#This Row],[Количество]]*М[[#This Row],[Цена за ед., руб]],2) -> 0
A8: Труба гофрированная защитная | C8: Ø22 | D8: пог. м | E8: 2552 | G8: =ROUND(М[[#This Row],[Количество]]*М[[#This Row],[Цена за ед., руб]],2) -> 0
A9: Труба гофрированная защитная | C9: Ø28 | D9: пог. м | E9: 259 | G9: =ROUND(М[[#This Row],[Количество]]*М[[#This Row],[Цена за ед., руб]],2) -> 0
A10: Труба гофрированная защитная | C10: Ø35 | D10: пог. м | E10: 150 | G10: =ROUND(М[[#This Row],[Количество]]*М[[#This Row],[Цена за ед., руб]],2) -> 0
A11: Клапан запорный | B11: WESER | C11: D-15 RLV прямой | D11: шт | E11: 128 | G11: =ROUND(М[[#This Row],[Количество]]*М[[#This Row],[Цена за ед., руб]],2) -> 0
A12: Присоединительные фитинги | C12: APT-R DN15 | D12: компл. | E12: 14 | G12: =ROUND(М[[#This Row],[Количество]]*М[[#This Row],[Цена за ед., руб]],2) -> 0
A13: Присоединительные фитинги | C13: APT-R DN20 | D13: компл. | E13: 20 | G13: =ROUND(М[[#This Row],[Количество]]*М[[#This Row],[Цена за ед., руб]],2) -> 0
A14: Присоединители для счетчика | D14: компл. | E14: 319 | G14: =ROUND(М[[#This Row],[Количество]]*М[[#This Row],[Цена за ед., руб]],2) -> 0
A15: Плита для теплого пола полистирольная с фиксаторам | D15: м2 | E15: 334 | G15: =ROUND(М[[#This Row],[Количество]]*М[[#This Row],[Цена за ед., руб]],2) -> 0
A16: Вставка ремонтная | C16: для счетчика Ду15 мм | D16: шт | E16: 319 | G16: =ROUND(М[[#This Row],[Количество]]*М[[#This Row],[Цена за ед., руб]],2) -> 0
A17: Агрегат воздушно-отопительный | C17: Электрическая тепловая завеса | D17: шт | E17: 12 | G17: =ROUND(М[[#This Row],[Количество]]*М[[#This Row],[Цена за ед., руб]],2) -> 0
A18: Радиатор отопления | C18: стальной панельный с боковым подключением 21 500х700 | D18: шт | E18: 1 | G18: =ROUND(М[[#This Row],[Количество]]*М[[#This Row],[Цена за ед., руб]],2) -> 0
A19: Радиатор отопления | C19: стальной панельный с нижним подключением 21 300х700 | D19: шт | E19: 7 | G19: =ROUND(М[[#This Row],[Количество]]*М[[#This Row],[Цена за ед., руб]],2) -> 0
A20: Радиатор отопления | C20: стальной панельный с нижним подключением 22 300х700 | D20: шт | E20: 9 | G20: =ROUND(М[[#This Row],[Количество]]*М[[#This Row],[Цена за ед., руб]],2) -> 0
A21: Радиатор отопления | C21: стальной панельный с нижним подключением 22 300х800 | D21: шт | E21: 17 | G21: =ROUND(М[[#This Row],[Количество]]*М[[#This Row],[Цена за ед., руб]],2) -> 0
A22: Радиатор отопления | C22: стальной панельный с нижним подключением 22 300х900 | D22: шт | E22: 6 | G22: =ROUND(М[[#This Row],[Количество]]*М[[#This Row],[Цена за ед., руб]],2) -> 0
A23: Радиатор отопления | C23: стальной панельный с нижним подключением 22 300х1100 | D23: шт | E23: 20 | G23: =ROUND(М[[#This Row],[Количество]]*М[[#This Row],[Цена за ед., руб]],2) -> 0
A24: Радиатор отопления | C24: стальной панельный с нижним подключением 21 400х1100 | D24: шт | E24: 32 | G24: =ROUND(М[[#This Row],[Количество]]*М[[#This Row],[Цена за ед., руб]],2) -> 0
A25: Радиатор отопления | B25: KERMY | C25: стальной панельный с нижним подключением 21 400х1100 | D25: шт | E25: 3 | G25: =ROUND(М[[#This Row],[Количество]]*М[[#This Row],[Цена за ед., руб]],2) -> 0
A26: Радиатор отопления | C26: стальной панельный с нижним подключением 21 400х1300 | D26: шт | E26: 109 | G26: =ROUND(М[[#This Row],[Количество]]*М[[#This Row],[Цена за ед., руб]],2) -> 0
A27: Радиатор отопления | C27: стальной панельный с нижним подключением 22 300х1200 | D27: шт | E27: 9 | G27: =ROUND(М[[#This Row],[Количество]]*М[[#This Row],[Цена за ед., руб]],2) -> 0
A28: Радиатор отопления | C28: стальной панельный с нижним подключением 22 300х1300 | D28: шт | E28: 3 | G28: =ROUND(М[[#This Row],[Количество]]*М[[#This Row],[Цена за ед., руб]],2) -> 0
A29: Радиатор отопления | C29: стальной панельный с нижним подключением 22 300х1400 | D29: шт | E29: 3 | G29: =ROUND(М[[#This Row],[Количество]]*М[[#This Row],[Цена за ед., руб]],2) -> 0
A30: Радиатор отопления | C30: стальной панельный с нижним подключением 22 300х2000 | D30: шт | E30: 1 | G30: =ROUND(М[[#This Row],[Количество]]*М[[#This Row],[Цена за ед., руб]],2) -> 0
A31: Радиатор отопления | C31: стальной панельный с нижним подключением 22 400х1300 | D31: шт | E31: 86 | G31: =ROUND(М[[#This Row],[Количество]]*М[[#This Row],[Цена за ед., руб]],2) -> 0
A32: Радиатор отопления | C32: стальной панельный с нижним подключением 21 300х600 | D32: шт | E32: 1 | G32: =ROUND(М[[#This Row],[Количество]]*М[[#This Row],[Цена за ед., руб]],2) -> 0
A33: Радиатор отопления | C33: стальной панельный с нижним подключением 33 300х800 | D33: шт | E33: 3 | G33: =ROUND(М[[#This Row],[Количество]]*М[[#This Row],[Цена за ед., руб]],2) -> 0
A34: Радиатор отопления | C34: стальной панельный с нижним подключением 22 300х500 | D34: шт | E34: 6 | G34: =ROUND(М[[#This Row],[Количество]]*М[[#This Row],[Цена за ед., руб]],2) -> 0
A35: Радиатор отопления | C35: стальной панельный с нижним подключением 22 300х600 | D35: шт | E35: 8 | G35: =ROUND(М[[#This Row],[Количество]]*М[[#This Row],[Цена за ед., руб]],2) -> 0
A36: Радиатор отопления | C36: стальной панельный с нижним подключением 33 300х400 | D36: шт | E36: 5 | G36: =ROUND(М[[#This Row],[Количество]]*М[[#This Row],[Цена за ед., руб]],2) -> 0
A37: Радиатор отопления | C37: стальной панельный с нижним подключением 33 300х1000 | D37: шт | E37: 2 | G37: =ROUND(М[[#This Row],[Количество]]*М[[#This Row],[Цена за ед., руб]],2) -> 0
... A42: Радиатор отопления | C42: стальной панельный с нижним подключением 33 300х500 | D42: шт | E42: 6 | G42: =ROUND(М[[#This Row],[Количество]]*М[[#This Row],[Цена за ед., руб]],2) -> 0
A43: Радиатор отопления | B43: KERMY | C43: стальной панельный с нижним подключением 33 300х500 | D43: шт | E43: 2 | G43: =ROUND(М[[#This Row],[Количество]]*М[[#This Row],[Цена за ед., руб]],2) -> 0
A44: Радиатор отопления | C44: стальной панельный с нижним подключением 21 300х500 | D44: шт | E44: 2 | G44: =ROUND(М[[#This Row],[Количество]]*М[[#This Row],[Цена за ед., руб]],2) -> 0
A45: Радиатор отопления | C45: стальной панельный с нижним подключением 21 400х1200 | D45: шт | E45: 9 | G45: =ROUND(М[[#This Row],[Количество]]*М[[#This Row],[Цена за ед., руб]],2) -> 0
A46: Радиатор отопления | C46: стальной панельный с боковым подключением 22 300х1000 | D46: шт | E46: 11 | G46: =ROUND(М[[#This Row],[Количество]]*М[[#This Row],[Цена за ед., руб]],2) -> 0
A47: Радиатор отопления | C47: стальной панельный с боковым подключением 22 300х700 | D47: шт | E47: 20 | G47: =ROUND(М[[#This Row],[Количество]]*М[[#This Row],[Цена за ед., руб]],2) -> 0
A48: Радиатор отопления | C48: стальной панельный с боковым подключением 22 500х600 | D48: шт | E48: 2 | G48: =ROUND(М[[#This Row],[Количество]]*М[[#This Row],[Цена за ед., руб]],2) -> 0
A49: Радиатор отопления | C49: стальной панельный с боковым подключением 22 300х900 | D49: шт | E49: 3 | G49: =ROUND(М[[#This Row],[Количество]]*М[[#This Row],[Цена за ед., руб]],2) -> 0
A50: Радиатор отопления | C50: стальной панельный с боковым подключением 22 500х700 | D50: шт | E50: 4 | G50: =ROUND(М[[#This Row],[Количество]]*М[[#This Row],[Цена за ед., руб]],2) -> 0
A51: Радиатор отопления | C51: стальной панельный с боковым подключением 22 300х1100 | D51: шт | E51: 1 | G51: =ROUND(М[[#This Row],[Количество]]*М[[#This Row],[Цена за ед., руб]],2) -> 0
A52: Радиатор отопления | C52: стальной панельный с боковым подключением 22 300х1200 | D52: шт | E52: 2 | G52: =ROUND(М[[#This Row],[Количество]]*М[[#This Row],[Цена за ед., руб]],2) -> 0
A53: Радиатор отопления | C53: стальной панельный с нижним подключением 33 300х1300 | D53: шт | E53: 2 | G53: =ROUND(М[[#This Row],[Количество]]*М[[#This Row],[Цена за ед., руб]],2) -> 0
A54: Радиатор отопления | C54: стальной панельный с нижним подключением 22 300х1500 | D54: шт | E54: 1 | G54: =ROUND(М[[#This Row],[Количество]]*М[[#This Row],[Цена за ед., руб]],2) -> 0
A55: Радиатор отопления | C55: стальной панельный с нижним подключением 33 300х700 | D55: шт | E55: 5 | G55: =ROUND(М[[#This Row],[Количество]]*М[[#This Row],[Цена за ед., руб]],2) -> 0
A56: Радиатор отопления | C56: стальной панельный с нижним подключением 33 300х600 | D56: шт | E56: 4 | G56: =ROUND(М[[#This Row],[Количество]]*М[[#This Row],[Цена за ед., руб]],2) -> 0
A57: Радиатор отопления | B57: KERMY | C57: стальной панельный с нижним подключением 33 300х600 | D57: шт | E57: 2 | G57: =ROUND(М[[#This Row],[Количество]]*М[[#This Row],[Цена за ед., руб]],2) -> 0
A58: Радиатор отопления | C58: стальной панельный с нижним подключением 22 300х1700 | D58: шт | E58: 1 | G58: =ROUND(М[[#This Row],[Количество]]*М[[#This Row],[Цена за ед., руб]],2) -> 0
A59: Радиатор отопления | C59: стальной панельный с нижним подключением 21 300х1200 | D59: шт | E59: 7 | G59: =ROUND(М[[#This Row],[Количество]]*М[[#This Row],[Цена за ед., руб]],2) -> 0
A60: Радиатор отопления | C60: стальной панельный с боковым подключением 22 500х900 | D60: шт | E60: 3 | G60: =ROUND(М[[#This Row],[Количество]]*М[[#This Row],[Цена за ед., руб]],2) -> 0
A61: Радиатор отопления | C61: стальной панельный с нижним подключением 21 300х900 | D61: шт | E61: 7 | G61: =ROUND(М[[#This Row],[Количество]]*М[[#This Row],[Цена за ед., руб]],2) -> 0
A62: Радиатор отопления | C62: стальной панельный с нижним подключением 21 300х1100 | D62: шт | E62: 2 | G62: =ROUND(М[[#This Row],[Количество]]*М[[#This Row],[Цена за ед., руб]],2) -> 0
A63: Радиатор отопления | C63: стальной панельный с нижним подключением 21 400х1400 | D63: шт | E63: 48 | G63: =ROUND(М[[#This Row],[Количество]]*М[[#This Row],[Цена за ед., руб]],2) -> 0
A64: Радиатор отопления | B64: KERMY | C64: стальной панельный с нижним подключением 21 400х1400 | D64: шт | E64: 8 | G64: =ROUND(М[[#This Row],[Количество]]*М[[#This Row],[Цена за ед., руб]],2) -> 0
A65: Радиатор отопления | C65: стальной панельный с нижним подключением 21 400х1500 | D65: шт | E65: 46 | G65: =ROUND(М[[#This Row],[Количество]]*М[[#This Row],[Цена за ед., руб]],2) -> 0
A66: Радиатор отопления | C66: стальной панельный с нижним подключением 22 400х1400 | D66: шт | E66: 24 | G66: =ROUND(М[[#This Row],[Количество]]*М[[#This Row],[Цена за ед., руб]],2) -> 0
A67: Радиатор отопления | B67: KERMY | C67: стальной панельный с нижним подключением 22 400х1400 | D67: шт | E67: 3 | G67: =ROUND(М[[#This Row],[Количество]]*М[[#This Row],[Цена за ед., руб]],2) -> 0
A68: Радиатор отопления | C68: стальной панельный с нижним подключением 22 400х1500 | D68: шт | E68: 23 | G68: =ROUND(М[[#This Row],[Количество]]*М[[#This Row],[Цена за ед., руб]],2) -> 0
A69: Радиатор отопления | C69: стальной панельный с нижним подключением 22 400х1600 | D69: шт | E69: 3 | G69: =ROUND(М[[#This Row],[Количество]]*М[[#This Row],[Цена за ед., руб]],2) -> 0
A70: Радиатор отопления | C70: стальной панельный с нижним подключением 33 300х1500 | D70: шт | E70: 1 | G70: =ROUND(М[[#This Row],[Количество]]*М[[#This Row],[Цена за ед., руб]],2) -> 0
A71: Радиатор отопления | C71: стальной панельный с нижним подключением 33 400х1000 | D71: шт | E71: 1 | G71: =ROUND(М[[#This Row],[Количество]]*М[[#This Row],[Цена за ед., руб]],2) -> 0
A72: Радиатор отопления | C72: стальной панельный с боковым подключением 22 500х500 | D72: шт | E72: 3 | G72: =ROUND(М[[#This Row],[Количество]]*М[[#This Row],[Цена за ед., руб]],2) -> 0
A73: Радиатор отопления | C73: стальной панельный с боковым подключением 21 500х500 | D73: шт | E73: 1 | G73: =ROUND(М[[#This Row],[Количество]]*М[[#This Row],[Цена за ед., руб]],2) -> 0
A74: Радиатор отопления | C74: стальной панельный с боковым подключением 21 500х600 | D74: шт | E74: 1 | G74: =ROUND(М[[#This Row],[Количество]]*М[[#This Row],[Цена за ед., руб]],2) -> 0
A75: Радиатор отопления | C75: стальной панельный с боковым подключением 21 500х800 | D75: шт | E75: 2 | G75: =ROUND(М[[#This Row],[Количество]]*М[[#This Row],[Цена за ед., руб]],2) -> 0
A76: Радиатор отопления | C76: стальной панельный с боковым подключением 21 500х900 | D76: шт | E76: 2 | G76: =ROUND(М[[#This Row],[Количество]]*М[[#This Row],[Цена за ед., руб]],2) -> 0
A77: Радиатор отопления | C77: стальной панельный с нижним подключением 22 400х400 | D77: шт | E77: 2 | G77: =ROUND(М[[#This Row],[Количество]]*М[[#This Row],[Цена за ед., руб]],2) -> 0
A78: Радиатор отопления | C78: стальной панельный с нижним подключением 22 400х600 | D78: шт | E78: 24 | G78: =ROUND(М[[#This Row],[Количество]]*М[[#This Row],[Цена за ед., руб]],2) -> 0
A79: Радиатор отопления | B79: KERMY | C79: стальной панельный с нижним подключением 22 400х600 | D79: шт | E79: 2 | G79: =ROUND(М[[#This Row],[Количество]]*М[[#This Row],[Цена за ед., руб]],2) -> 0
A80: Радиатор отопления | C80: стальной панельный с нижним подключением 22 400х700 | D80: шт | E80: 25 | G80: =ROUND(М[[#This Row],[Количество]]*М[[#This Row],[Цена за ед., руб]],2) -> 0
A81: Радиатор отопления | C81: стальной панельный с нижним подключением 22 400х800 | D81: шт | E81: 2 | G81: =ROUND(М[[#This Row],[Количество]]*М[[#This Row],[Цена за ед., руб]],2) -> 0
A82: Радиатор отопления | C82: стальной панельный с нижним подключением 22 400х1200 | D82: шт | E82: 22 | G82: =ROUND(М[[#This Row],[Количество]]*М[[#This Row],[Цена за ед., руб]],2) -> 0
A83: Радиатор отопления | C83: стальной панельный с нижним подключением 11 300х800 | D83: шт | E83: 2 | G83: =ROUND(М[[#This Row],[Количество]]*М[[#This Row],[Цена за ед., руб]],2) -> 0
A84: Радиатор отопления | C84: стальной панельный с нижним подключением 11 300х1400 | D84: шт | E84: 3 | G84: =ROUND(М[[#This Row],[Количество]]*М[[#This Row],[Цена за ед., руб]],2) -> 0
A85: Радиатор отопления | C85: стальной панельный с нижним подключением 21 400х1600 | D85: шт | E85: 7 | G85: =ROUND(М[[#This Row],[Количество]]*М[[#This Row],[Цена за ед., руб]],2) -> 0
A86: Радиатор отопления | C86: стальной панельный с нижним подключением 21 400х1700 | D86: шт | E86: 1 | G86: =ROUND(М[[#This Row],[Количество]]*М[[#This Row],[Цена за ед., руб]],2) -> 0
A87: Радиатор отопления | C87: стальной панельный с нижним подключением 21 400х1800 | D87: шт | E87: 2 | G87: =ROUND(М[[#This Row],[Количество]]*М[[#This Row],[Цена за ед., руб]],2) -> 0
A88: Радиатор отопления | C88: стальной панельный с нижним подключением 22 300х2200 | D88: шт | E88: 1 | G88: =ROUND(М[[#This Row],[Количество]]*М[[#This Row],[Цена за ед., руб]],2) -> 0
A89: Радиатор отопления | C89: стальной панельный с нижним подключением 33 400х1300 | D89: шт | E89: 13 | G89: =ROUND(М[[#This Row],[Количество]]*М[[#This Row],[Цена за ед., руб]],2) -> 0
A90: Радиатор отопления | C90: стальной панельный с нижним подключением 11 300х1700 | D90: шт | E90: 4 | G90: =ROUND(М[[#This Row],[Количество]]*М[[#This Row],[Цена за ед., руб]],2) -> 0
A91: Радиатор отопления | C91: стальной панельный с нижним подключением 11 400х1600 | D91: шт | E91: 7 | G91: =ROUND(М[[#This Row],[Количество]]*М[[#This Row],[Цена за ед., руб]],2) -> 0
... A98: Радиатор отопления | C98: стальной панельный с нижним подключением 11 400х1200 | D98: шт | E98: 28 | G98: =ROUND(М[[#This Row],[Количество]]*М[[#This Row],[Цена за ед., руб]],2) -> 0
A99: Радиатор отопления | B99: KERMY | C99: стальной панельный с нижним подключением 11 400х1200 | D99: шт | E99: 3 | G99: =ROUND(М[[#This Row],[Количество]]*М[[#This Row],[Цена за ед., руб]],2) -> 0
A100: Радиатор отопления | C100: стальной панельный с нижним подключением 11 400х1300 | D100: шт | E100: 22 | G100: =ROUND(М[[#This Row],[Количество]]*М[[#This Row],[Цена за ед., руб]],2) -> 0
A101: Радиатор отопления | B101: KERMY | C101: стальной панельный с нижним подключением 11 400х1300 | D101: шт | E101: 3 | G101: =ROUND(М[[#This Row],[Количество]]*М[[#This Row],[Цена за ед., руб]],2) -> 0
A102: Радиатор отопления | C102: стальной панельный с нижним подключением 11 400х1400 | D102: шт | E102: 13 | G102: =ROUND(М[[#This Row],[Количество]]*М[[#This Row],[Цена за ед., руб]],2) -> 0
A103: Радиатор отопления | C103: стальной панельный с нижним подключением 21 300х400 | D103: шт | E103: 1 | G103: =ROUND(М[[#This Row],[Количество]]*М[[#This Row],[Цена за ед., руб]],2) -> 0
A104: Радиатор отопления | C104: стальной панельный с боковым подключением 21 300х1000 | D104: шт | E104: 10 | G104: =ROUND(М[[#This Row],[Количество]]*М[[#This Row],[Цена за ед., руб]],2) -> 0
A105: Радиатор отопления | C105: стальной панельный с нижним подключением 11 300х1300 | D105: шт | E105: 2 | G105: =ROUND(М[[#This Row],[Количество]]*М[[#This Row],[Цена за ед., руб]],2) -> 0
A106: Радиатор отопления | C106: стальной панельный с нижним подключением 11 300х500 | D106: шт | E106: 1 | G106: =ROUND(М[[#This Row],[Количество]]*М[[#This Row],[Цена за ед., руб]],2) -> 0
A107: Радиатор отопления | C107: стальной панельный с нижним подключением 11 400х1500 | D107: шт | E107: 3 | G107: =ROUND(М[[#This Row],[Количество]]*М[[#This Row],[Цена за ед., руб]],2) -> 0
A108: Радиатор отопления | C108: стальной панельный с нижним подключением 11 400х600 | D108: шт | E108: 1 | G108: =ROUND(М[[#This Row],[Количество]]*М[[#This Row],[Цена за ед., руб]],2) -> 0
A109: Радиатор отопления | C109: стальной панельный с нижним подключением 11 400х900 | D109: шт | E109: 102 | G109: =ROUND(М[[#This Row],[Количество]]*М[[#This Row],[Цена за ед., руб]],2) -> 0
A110: Радиатор отопления | B110: KERMY | C110: стальной панельный с нижним подключением 11 400х900 | D110: шт | E110: 6 | G110: =ROUND(М[[#This Row],[Количество]]*М[[#This Row],[Цена за ед., руб]],2) -> 0
A111: Радиатор отопления | C111: стальной панельный с нижним подключением 21 300х1900 | D111: шт | E111: 20 | G111: =ROUND(М[[#This Row],[Количество]]*М[[#This Row],[Цена за ед., руб]],2) -> 0
...

Sheet ПараметрыЗагрузки
A1: ЛСР | B1: ЛСРГуид
A2: ГП-72.106.01.11.04 Подвал_Устройство системы отопления №1 | B2: b6c413fe-ba00-11f0-8b59-a036bcbd010b
A3: ГП-72.106.01.11.04 Секция 1_Устройство системы отопления №2 | B3: a00be64d-bbd4-11f0-8b59-a036bcbd010b
A4: ГП-72.106.02.11.04 Секция 2_Устройство системы отопления №1 | B4: c9a16f7b-ba01-11f0-8b59-a036bcbd010b
A5: ГП-72.106.03.11.04 Секция 3_Устройство системы отопления №1 | B5: 5682f546-bb10-11f0-8b59-a036bcbd010b
A6: ГП-72.106.04.11.04 Секция 4_Устройство системы отопления №1 | B6: 9ddc3ebc-bbc2-11f0-8b59-a036bcbd010b
